Map: Tours du crépuscule

Players

Worming

  • Race: Zerg Zerg
  • League: Diamond

Vanadiel - Winner!

  • Race: Zerg Zerg
  • League: Diamond

VOD

Have the link to the VOD?

Description

Time

  • Played on: Nov. 28, 2015, 6:28 a.m.
  • Length: 5:22
Show
View Real Time Build Order
Export as new Build Order

Worming Zerg 

Build Orders: Hatch First 

Get SALT Encoding   

  12  0:01  Drone  
  13  0:08  Drone  
  14  0:20  Drone, Extractor x2  
  13  0:22  Drone  
  16  0:42  Hatchery  
  15  0:48  Extractor  
  14  0:50  Drone, Extractor  
  15  1:04  Spawning Pool  
  14  1:16  Overlord  
  14  1:21  Extractor  
  14  1:22  Drone  
  15  1:36  Drone x2  
  17  1:43  Drone  
  18  1:50  Queen  
  18  1:51  Zergling x2  
  21  1:55  Metabolic Boost  
  21  1:59  Drone  
  22  2:15  Drone x2  
  24  2:19  Queen  
  26  2:26  Drone x2  
  28  2:31  Overlord  
  28  2:55  Drone  
  28  2:56  Drone x4  
  32  3:06  Zergling x8  
  36  3:13  Lair  
  36  3:16  Evolution Chamber  
  35  3:20  Drone  
  35  3:21  Extractor  
  35  3:31  Drone  
  35  3:32  Overlord  
  36  3:35  Hatchery  
  36  3:37  Drone  
  35  3:59  Drone x6  
  40  4:06  Roach Warren  
  40  4:09  Drone x4  
  43  4:14  Overlord  
  43  4:19  Zergling x2, Extractor  
  44  4:46  Roach x3  
  49  5:00  Roach  
  49  5:02  Overlord x2  
Show
View Real Time Build Order
Export as new Build Order

Vanadiel Zerg - Winner!

Build Orders: Hatch First 

Get SALT Encoding   

  12  0:01  Drone  
  13  0:07  Drone  
  14  0:17  Overlord  
  14  0:26  Drone, Extractor  
  15  0:36  Drone x2  
  17  0:55  Hatchery  
  16  0:57  Drone  
  16  1:01  Drone  
  18  1:16  Extractor  
  17  1:18  Spawning Pool  
  17  1:21  Drone  
  17  1:24  Drone  
  18  1:33  Drone  
  19  1:48  Overlord  
  19  2:11  Queen x2  
  19  2:12  Drone  
  19  2:13  Zergling x2  
  25  2:15  Drone  
  25  2:16  Drone  
  25  2:18  Metabolic Boost  
  25  2:22  Zergling x2  
  28  2:25  Drone  
  29  2:38  Drone x2  
  29  2:44  Overlord  
  31  2:47  Drone  
  32  2:57  Drone x2  
  34  3:06  Hatchery  
  33  3:16  Drone x2  
  33  3:17  Baneling Nest  
  34  3:20  Drone  
  34  3:21  Drone x2  
  34  3:22  Drone  
  34  3:24  Zergling x2  
  39  3:33  Zergling x4  
  41  3:40  Spine Crawler  
  40  3:51  Zergling x4  
  40  3:52  Zergling x6  
  42  4:02  Drone  
  43  4:04  Overlord  
  43  4:15  Overlord x2  
  43  4:17  Queen  
  43  4:21  Baneling x6  
  43  4:22  Baneling  
  45  4:24  Zergling x2  
  45  4:25  Zergling x6  
  49  4:34  Zergling x2  
  49  4:35  Zergling x8  
  53  5:03  Zergling x4  
  53  5:04  Zergling x16  
  58  5:20  Roach Warren  
Tags
 
Add a new tag
Caveats
  • Supply blocks, unpowered buildings, or Contaminate may cause inaccurate times.
  • Supply counts are checked every 10 seconds.